 Dungeon Crawl Stone Soup version 0.30-a0-1018-g25214051b3 (webtiles) character file.

Game seed: 18273788928075757566

210 DeathPants the Chopper (level 5, -9/42 HPs)
             Began as a Demonspawn Gladiator on Apr 7, 2023.
             Killed from afar by Grinder (12 damage)
             ... with a bolt of light
             ... on level 3 of the Dungeon.
             The game lasted 00:04:41 (1817 turns).

DeathPants the Chopper (Demonspawn Gladiator)       Turns: 1817, Time: 00:04:42

Health: -9/42      AC: 15    Str: 16    XL:     5   Next: 57%
Magic:  5/5        EV: 10    Int: 10    God:
Gold:   109        SH:  0    Dex: 19    Spells: 4/4 levels left

rFire   . . .      SeeInvis .    b - +5 whip "Vaczagga" {heavy, Dex+5}
rCold   . . .      Faith    .    (no shield)
rNeg    . . .      Spirit   .    i - +0 scale mail
rPois   .          Reflect  .    (helmet restricted)
rElec   .          Rampage  .    k - +0 cloak
rCorr   .                        (no gloves)
Will    .....                    (no boots) Stlth
                                 (no amulet)
HPRegen 0.27/turn                q - +4 ring of protection
MPRegen 0.09/turn                t - +4 ring of protection

@: confused
A: horns 2, condensation shield
a: no special abilities


You were on level 3 of the Dungeon.
You visited 1 branch of the dungeon, and saw 4 of its levels.

You collected 109 gold pieces.

Inventory:

Hand Weapons
 a - a +0 war axe
 b - the +5 whip "Vaczagga" (weapon) {heavy, Dex+5}
   (You found it on level 2 of the Dungeon)

   Dex:       It affects your dexterity (+5).
 m - a +0 dagger of venom
 u - a +0 dire flail
Missiles
 d - 3 throwing nets (quivered)
 e - a javelin
Armour
 f - a +0 chain mail
 i - a +0 scale mail (worn)
 k - a +0 cloak (worn)
 n - a +0 leather armour
Jewellery
 q - a +4 ring of protection (left hand)
 t - a +4 ring of protection (right hand)
Scrolls
 c - 2 scrolls of vulnerability {unknown}
 o - a scroll of acquirement {unknown}
 r - a scroll of enchant armour {unknown}
 s - a scroll of teleportation {unknown}
Potions
 g - 2 potions of brilliance
 h - 4 potions of curing
 j - 2 potions of attraction {unknown}
 l - a potion of mutation {unknown}
 p - a potion of flight {unknown}


   Skills:
 + Level 3.7 Fighting
 * Level 5.0 Axes
 - Level 1.7 Throwing
 - Level 2.6 Dodging


You had 4 spell levels left.
You didn't know any spells.
Your spell library contained the following spells:

 Spells                   Type           Power      Damage    Failure   Level
 Magic Dart               Conj           0%         1d3       82%         1
 Call Imp                 Summ           0%         N/A       91%         2
 Mephitic Cloud           Conj/Pois/Air  0%         N/A       99%         3
 Ozocubu's Armour         Ice            0%         N/A       99%         3
 Ozocubu's Refrigeration  Ice            0%         4d7       100%        7


Dungeon Overview and Level Annotations

Branches:
Dungeon (4/15)
 Temple: D:4-7

Altars:

Annotations:
D:3 Grinder


Innate Abilities, Weirdness & Mutations

You have a pair of horns on your head.
A meltable shield of frost defends you. (SH +4)


Message History

You headbutt the hobgoblin, but do no damage.
The hobgoblin is moderately wounded.
Grinder comes into view.
She is carrying a wand of light (9).
The hobgoblin closely misses you.
You closely miss the hobgoblin.
Grinder shouts!
You headbutt the hobgoblin.
You kill the hobgoblin!
You hear an angry hiss.
Grinder zaps a wand.
The bolt of light hits you but does no damage.
You barely miss Grinder. Your headbutt misses Grinder.
Grinder hits you but does no damage.
You closely miss Grinder. Grinder hits you but does no damage.
Grinder says, "Tell me all your secrets, or I'll kill you."
Grinder gestures at you.
You barely resist. You closely miss Grinder. Grinder gestures at you.
Pain shoots through your body!
You whack Grinder! Your headbutt misses Grinder. You punch Grinder.
Grinder is moderately wounded.
You block Grinder's attack.
You whack Grinder! Your headbutt misses Grinder.
Grinder is heavily wounded.
Grinder zaps a wand.
The bolt of light hits you! Grinder gestures at you.
You barely resist. You hit Grinder.
Grinder is heavily wounded.
Grinder zaps a wand.
The bolt of light misses you.
You closely miss Grinder. You headbutt Grinder, but do no damage.
Grinder is heavily wounded.
Grinder zaps a wand.
The bolt of light hits you!
* * * LOW HITPOINT WARNING * * *
You barely miss Grinder. You headbutt Grinder, but do no damage.
Grinder is heavily wounded.
Grinder zaps a wand.
The bolt of light hits you!
You are confused.
You die...

##..†....# ###
###....#...# ..###
#....###...#
....#### ###.#.##
#####
.......######.....#
#...##....##....###
##..#####.....####
##...#######.....#
####...#####.###@#
# #.........# #5#
###.#....## #.. ###
#...<..####### ..#
####......#### #.#
##.#.##.....
#.######..#........
..........########.
.....###..#


You could see Grinder.

Vanquished Creatures
  An orc priest (D:3)
  Terence (D:2)
  Robin (D:2)
  5 gnolls
  4 adders
  A worm (D:3)
  3 orcs (D:3)
  5 bats
  2 endoplasms
  8 goblins
  11 hobgoblins
  2 quokkas
  5 ball pythons
  3 frilled lizards
  A kobold (D:2)
  A rat (D:3)
54 creatures vanquished.

Notes
Turn   | Place    | Note
-------+----------+-------------------------------------------
     0 | D:1      | DeathPants the Demonspawn Gladiator began the quest for the
                  | Orb.
     0 | D:1      | Reached XP level 1. HP: 16/16 MP: 1/1
   232 | D:1      | Reached skill level 3 in Axes
   639 | D:1      | Gained mutation: A meltable shield of frost defends you.
                  | (SH +4) [demonic ancestry]
   639 | D:1      | Reached XP level 2. HP: 22/22 MP: 2/2
   824 | D:2      | Identified the +5 whip "Vaczagga" {heavy, Dex+5}
   836 | D:2      | Noticed Terence
   844 | D:2      | Killed Terence
   845 | D:2      | Reached XP level 3. HP: 28/28 MP: 3/3
   992 | D:2      | Noticed Robin
   996 | D:2      | Reached skill level 4 in Axes
   998 | D:2      | Gained mutation: You have a pair of small horns on your
                  | head. [demonic ancestry]
   998 | D:2      | Reached XP level 4. HP: 34/34 MP: 4/4
  1027 | D:2      | Killed Robin
  1097 | D:3      | Gained mutation: You have a pair of horns on your head.
                  | [demonic ancestry]
  1097 | D:3      | Reached XP level 5. HP: 21/41 MP: 5/5
  1631 | D:3      | Reached skill level 5 in Axes
  1695 | D:3      | Found a faded altar of an unknown god.
  1808 | D:3      | Noticed Grinder
  1816 | D:3      | HP: 2/42 [Grinder/bolt of light (17)]
  1817 | D:3      | Killed from afar by Grinder

Illustrated notes

Levels and vault maps discovered:
D:1:      minmay_arrival_solitary_statue, layout_basic
D:2:      wad_pebble_path, layout_rooms, minmay_pentomino_t2, uniq_terence,
          uniq_robin
D:3:      layout_rooms, ebering_ecumenical_altar_ruins, uniq_grinder
D:4:      layout_basic, gammafunk_temple_overflow_arena

Skill      XL: |  1  2  3  4  5 |
---------------+----------------+-----
Axes           | 3 4 5 |  5.0
Fighting       | 3 |  3.7
Throwing       | |  1.7
Dodging        | |  2.6

Action                     |  1- 3 |  4- 6 || total
---------------------------+-------+-------++-------
  Melee: War axe           |    27 |       ||    27
         Whip              |    27 |    79 ||   106
         Headbutt          |       |    12 ||    12
         Punch             |       |     1 ||     1
  Throw: Throwing net      |     1 |       ||     1
    Use: Scroll            |       |     2 ||     2
 Armour: Leather armour    |     3 |       ||     3
         Scale mail        |    20 |    42 ||    62
  Dodge: Dodged            |    30 |    50 ||    80
  Block: Other             |     9 |    13 ||    22

Table legend: (Time is in decaauts)
 A = Elapsed time spent in this place.
 B = Non-inter-level travel time spent in this place.
 C = Inter-level travel time spent in this place.
 D = Time resting spent in this place.
 E = Time spent auto-exploring this place.
 F = Levels seen in this place.
 G = Mean time per level.
                   A        B        C        D        E       F      G
               +--------+--------+--------+--------+--------+-----+--------+
         Total |   1874 |   1764 |    110 |      0 |   1201 |   4 |  468.5 |
       Dungeon |   1874 |   1764 |    110 |      0 |   1201 |   4 |  468.5 |
               +--------+--------+--------+--------+--------+-----+--------+

Top non-repeatable levels by time:
     D:1: 756 daAuts
     D:2: 599 daAuts
     D:3: 517 daAuts
     D:4: 1 daAuts
